 Dungeon Crawl Stone Soup version 0.31-a0-259-g771a54ca4b (webtiles) character file.

Game seed: 6871704706265062906

46 qw the Shooter (level 3, 0/21 HPs)
             Began as a Gargoyle Hexslinger on July 13, 2023.
             Slain by an iguana (4 damage)
             ... on level 2 of the Dungeon.
             The game lasted 00:00:23 (853 turns).

qw the Shooter (Gargoyle Hexslinger)                 Turns: 853, Time: 00:00:24

Health: 0/21       AC:  5    Str: 11    XL:     3   Next: 68%
Magic:  4/4        EV: 12    Int: 13    God:
Gold:   67         SH:  0    Dex: 14    Spells: 3/4 levels left

rFire   . . .        Y - +2 sling
rCold   . . .        (no shield)
rNeg    + . .        c - +0 robe
rPois   inf          (no helmet)
rElec   +            (no cloak)
rCorr   .            (no gloves)
SInv    .            (no boots)
Will    +....        l - amulet of regeneration
Stlth   +            f - ring of willpower
HPRegen 1.03/turn    (no ring)
MPRegen 0.09/turn

%: no passive effects
@: about to teleport
A: sickness immunity, AC +3, negative energy resistance 1, electricity
resistance, torment resistance 1, petrification resistance
a: no special abilities


You were on level 2 of the Dungeon.
You visited 1 branch of the dungeon, and saw 2 of its levels.

You collected 67 gold pieces.


Innate Abilities, Weirdness & Mutations

You are immune to sickness and miasma.
Your stone body is resilient. (AC +3)
You are immune to poison.
You resist negative energy. (rN+)
You are resistant to electric shocks. (rElec)
You are resistant to unholy torment.
You are immune to petrification.


   Skills:
 - Level 2.0 Fighting
 + Level 3.6 Ranged Weapons
 - Level 1.5 Dodging
 - Level 1.0 Spellcasting
 - Level 2.6 Hexes


You had 3 spell levels left.
You knew the following spells:

 Your Spells              Type           Power      Damage    Failure   Level
a - Slow                  Hex            28%        N/A       10%         1

Your spell library contained the following spells:

 Spells                   Type           Power      Damage    Failure   Level
 Inner Flame              Hex/Fire       4%         N/A       43%         3
 Portal Projectile        Hex/Tloc       8%         N/A       43%         3
 Cause Fear               Hex            3%         N/A       67%         4

Inventory:

Hand Weapons
 Y - a +2 sling (weapon)
Armour
 c - a +0 robe (worn)
Jewellery
 f - a ring of willpower (left hand)
 l - an amulet of regeneration (around neck)
Scrolls
 j - a scroll of identify
Potions
 a - a potion of haste {unknown}
 d - a potion of might
 e - a potion of resistance
 h - a potion of curing
 i - a potion of invisibility {unknown}

Dungeon Overview and Level Annotations

Branches:
Dungeon (2/15)

Altars:


Message History

The jackal bites you. The jackal barely misses you.
The jackal bites you but does no damage.
The jackal bites you.
You shoot a sling bullet.
The sling bullet closely misses the jackal.
The jackal barely misses you.
The jackal bites you but does no damage.
The jackal misses you.
You shoot a sling bullet. The sling bullet hits the jackal.
You kill the jackal!
The jackal bites you but does no damage.
You shoot a sling bullet.
The sling bullet closely misses the jackal.
The jackal closely misses you. The jackal misses you.
You shoot a sling bullet.
The sling bullet closely misses the jackal.
The jackal misses you. The jackal barely misses you.
You shoot a sling bullet. The sling bullet hits the iguana!
The iguana is moderately wounded.
The jackal bites you but does no damage.
The iguana bites you.
You shoot a sling bullet.
The sling bullet hits the iguana but does no damage.
The iguana is moderately wounded.
The jackal closely misses you. The iguana bites you.
The jackal closely misses you.
You shoot a sling bullet.
The sling bullet closely misses the iguana.
The jackal barely misses you. The iguana bites you!
Ouch! That really hurt!
The jackal barely misses you.
852 ||| READING scroll of teleportation.
As you read the scroll of teleportation, it crumbles to dust.
You feel strangely unstable.
The iguana bites you but does no damage.
The jackal bites you.
You shoot a sling bullet. The sling bullet hits the iguana.
The iguana is heavily wounded.
The jackal misses you. The iguana bites you.
You die...

.# ... ##. ##..# ....
#...###..###. %.
.#..........# !..#
##$.............
.....#.h............#
......l@............#
.##$................#
##................#
###..............##
##..............#
...............# ###
###.......~~~.###....
#.......~_~.<..####
#........~~~........


You could see an iguana and a jackal.

Vanquished Creatures
  An adder (D:2)
  A dart slug (D:2)
  4 ball pythons (D:1)
  7 endoplasms (D:1)
  2 hobgoblins (D:1)
  3 jackals (D:2)
  3 kobolds (D:1)
  3 quokkas (D:1)
  2 bats
  A frilled lizard (D:1)
  3 goblins
  A rat (D:1)
31 creatures vanquished.

Notes
Turn   | Place    | Note
-------+----------+-------------------------------------------
     0 | D:1      | qw the Gargoyle Hexslinger began the quest for the Orb.
     0 | D:1      | Reached XP level 1. HP: 12/12 MP: 2/2
     0 | D:1      | 0 ||| qw: Version: 0.3-a-52-g30416fa
     0 | D:1      | 0 ||| qw: Game counter: 6932
     0 | D:1      | 0 ||| qw: Melee chars always use a shield: true
     0 | D:1      | 0 ||| qw: God list: Okawaru
     0 | D:1      | 0 ||| qw: Allow faded altars: false
     0 | D:1      | 0 ||| qw: Do Orc after clearing Dungeon:15 true
     0 | D:1      | 0 ||| qw: Do second Lair branch before Depths: true
     0 | D:1      | 0 ||| qw: Lair rune preference: random
     0 | D:1      | 0 ||| qw: Goals: Normal
     0 | D:1      | 0 ||| PLANNING D:1-11
   194 | D:1      | Reached XP level 2. HP: 16/16 MP: 3/3
   307 | D:1      | Reached skill level 3 in Ranged Weapons
   496 | D:1      | Reached XP level 3. HP: 21/21 MP: 4/4
   737 | D:1      | 737 ||| UPGRADING to amulet of regeneration.
   742 | D:1      | 742 ||| UPGRADING to ring of willpower.
   743 | D:1      | 743 ||| READING scroll labelled BEBAIMI DYCU.
   744 | D:1      | 744 ||| READING 4 scrolls labelled APLOOSM GESKE.
   745 | D:1      | 745 ||| READING 2 scrolls labelled ATYGOZ IMNIEPT.
   750 | D:1      | 750 ||| DRINKING 2 grey potions.
   751 | D:1      | 751 ||| READING 3 scrolls of identify.
   751 | D:1      | 751 ||| IDENTIFYING murky ruby potion
   752 | D:1      | 752 ||| READING 2 scrolls of identify.
   752 | D:1      | 752 ||| IDENTIFYING dark potion
   753 | D:1      | 753 ||| DROPPING scroll of poison.
   802 | D:2      | Found a faded altar of an unknown god.
   851 | D:2      | HP: 3/21 [iguana (12)]
   852 | D:2      | 852 ||| READING scroll of teleportation.
   853 | D:2      | Slain by an iguana

Levels and vault maps discovered:
D:1:      erik_arrival_triangle_small, layout_loops_ring, minmay_pentomino_w2
D:2:      layout_rooms, hellmonk_ecumenical_altar_pennies_from_heaven

Skill      XL: |  1  2 |
---------------+-------+-----
Ranged Weapons | 3 |  3.6
Fighting       | 2 |  2.0
Dodging        | |  1.5
Spellcasting   | |  1.0
Hexes          | |  2.6

Action                     || total
---------------------------++-------
   Fire: Sling             ||    99
    Use: Scroll            ||     6
         Potion            ||     1
 Armour: Robe              ||    22
  Dodge: Dodged            ||    36

Table legend:
 A = Non-vault XP
 B = Vault XP
 C = Vault XP percentage of total XP
 D = Non-vault monster count
 E = Vault monster count
 F = Vault count percentage of total count
                 A         B        C        D         E       F
            +---------+---------+-------+---------+---------+-------
      Total |      65 |       2 |   3.0 |      30 |       1 |   3.2
            +---------+---------+-------+---------+---------+-------
        D:1 |      39 |       2 |   4.9 |      22 |       1 |   4.3
        D:2 |      26 |       0 |   0.0 |       8 |       0 |   0.0
            +---------+---------+-------+---------+---------+-------
